 Dungeon Crawl Stone Soup version 0.22.1-1-ga44c0e56f4 (webtiles) character file.

291 Nygeryga the Skirmisher (level 6, 0/58 HPs)
             Began as a Minotaur Berserker on Oct 31, 2018.
             Was a Priest of Trog.
             Succumbed to an orc wizard's poison
             ... on level 4 of the Dungeon.
             The game lasted 00:12:14 (2431 turns).

Nygeryga the Skirmisher (Minotaur Berserker)        Turns: 2431, Time: 00:12:15

Health: 0/58       AC:  6    Str: 23    XL:     6   Next: 10%
Magic:  5/5        EV: 11    Int:  4    God:    Trog [***...]
Gold:   187        SH:  0    Dex: 10    Spells: 5/5 levels left

rFire    . . .     SeeInvis .   a - +0 mace
rCold    . . .     Gourm    .   (no shield)
rNeg     . . .     Faith    .   i - +0 ring mail
rPois    .         Spirit   .   (helmet restricted)
rElec    .         Reflect  .   (no cloak)
rCorr    .         Harm     .   (no gloves)
MR       .....                  j - +0 pair of boots
Stlth    ..........             k - amulet of inaccuracy
HPRegen  0.19/turn              (no ring)
MPRegen  0.09/turn              (no ring)

@: lethally poisoned (0 -> -28), berserk cooldown, slowed, drained, very slow
A: retaliatory headbutt, horns 2
a: Berserk, Trog's Hand, Renounce Religion


You were on level 4 of the Dungeon.
You worshipped Trog.
Trog was most pleased with you.
You were not hungry.

You visited 1 branch of the dungeon, and saw 4 of its levels.

You collected 187 gold pieces.

Inventory:

Hand Weapons
 a - a +0 mace (weapon)
Armour
 b - a +0 animal skin
 i - a +0 ring mail (worn)
 j - a +0 pair of boots (worn)
Jewellery
 k - an amulet of inaccuracy (around neck)
 r - an uncursed amulet of harm
Scrolls
 f - a scroll of identify
 g - 2 scrolls of teleportation
 h - 2 scrolls of remove curse
 p - a scroll of magic mapping {unknown}
 s - a scroll of blinking {unknown}
Potions
 e - 4 potions of curing
 l - a potion of brilliance
 m - a potion of magic
 n - 2 potions of flight
 o - a potion of lignification {unknown}
 q - a potion of mutation {unknown}
 t - a potion of might {unknown}
 u - 2 potions of agility {unknown}
Comestibles
 c - 7 rations
 d - 4 chunks of flesh


   Skills:
 + Level 6.4(5.6) Fighting
 + Level 6.3(5.6) Maces & Flails
 - Level 2.4(1.7) Armour
 - Level 2.1(1.5) Dodging


You had 5 spell levels left.
You didn't know any spells.
Your spell library was empty.

Dungeon Overview and Level Annotations

Branches:
Dungeon (4/15)
 Temple: D:4-7

Altars:
Ru


Innate Abilities, Weirdness & Mutations

You reflexively headbutt those who attack you in melee.
You have a pair of horns on your head.


Message History

The orc wizard seems to speed up.
You barely miss the orc wizard.
You feel sick.
The orc wizard hits you with a dagger of draining.
* * * LOW HITPOINT WARNING * * *
You feel drained. The orc barely misses you. You furiously retaliate!
You headbutt the orc!
You kill the orc!
Trog accepts your kill. Something hits you.
* * * LOW HITPOINT WARNING * * *
You are lethally poisoned!
The orc wizard hits you with a dagger of draining.
* * * LOW HITPOINT WARNING * * *
You feel drained.
* * * LOW HITPOINT WARNING * * *
Something hits you.
* * * LOW HITPOINT WARNING * * *
You are more poisoned.
You miss the orc wizard.
You die...

#. .. #. . .. #.
.. . #.## ... . #.
#..####.... ..
#.###.........
...##..)....#.#
......#.##[{..#...
.........o@.....#
.!.......<#####.#
......##..# #
...... ##.......
...... ##...###
...#. ##..# ## #.#
..# ..


You could see an orc wizard.

Vanquished Creatures
  An ogre (D:4)
  An orc priest (D:4)
  An orc wizard (D:3)
  A worker ant (D:4)
  2 adders (D:4)
  An adder skeleton (D:4)
  A worm (D:4)
  4 dart slugs
  4 leopard geckos
  13 orcs
  2 ball pythons
  8 bats
  5 giant cockroaches (D:3)
  6 goblins
  7 hobgoblins
  8 jackals
  7 kobolds
  3 frilled lizards
  6 rats
81 creatures vanquished.

Notes
Turn   | Place    | Note
-------+----------+-------------------------------------------
     0 | D:1      | Nygeryga the Minotaur Berserker began the quest for the
                  | Orb.
     0 | D:1      | Reached XP level 1. HP: 19/19 MP: 0/0
   233 | D:1      | Reached XP level 2. HP: 27/27 MP: 1/1
   322 | D:1      | You fall through a shaft!
   399 | D:2      | Reached XP level 3. HP: 20/34 MP: 2/2
   408 | D:1      | Reached ** piety under Trog
  1069 | D:2      | Found a sacrificial altar of Ru.
  1421 | D:3      | Reached skill level 5 in Fighting
  1421 | D:3      | Reached skill level 5 in Maces & Flails
  1421 | D:3      | Reached XP level 4. HP: 34/42 MP: 3/3
  1525 | D:3      | Found a glowing drain.
  1729 | D:3      | Reached *** piety under Trog
  2019 | D:4      | Reached XP level 5. HP: 30/49 MP: 4/4
  2050 | D:4      | Noticed an ogre
  2282 | D:4      | Killed an ogre
  2415 | D:4      | Reached XP level 6. HP: 32/58 MP: 5/5
  2431 | D:4      | Succumbed to an orc wizard's poison

Skill      XL: |  1  2  3  4  5 |
---------------+----------------+-----
Fighting       | 4 5 6 |  6.4
Maces & Flails | 4 5 6 |  6.3
Armour         | |  2.4
Dodging        | |  2.1

Action                   |  1- 3 |  4- 6 || total
-------------------------+-------+-------++-------
Melee: Mace              |    78 |   100 ||   178
       Headbutt          |    10 |    16 ||    26
Invok: Berserk           |       |     2 ||     2
       Trog's Hand       |       |     2 ||     2
  Use: Scroll            |       |     9 ||     9
 Stab: Sleeping          |     1 |       ||     1
  Eat: Chunk             |     2 |     2 ||     4
       Ration            |       |     1 ||     1
Armor: Animal skin       |    12 |       ||    12
       Ring mail         |    17 |    54 ||    71
Dodge: Dodged            |    42 |    89 ||   131
